 Dungeon Crawl Stone Soup version 0.21.1-1-g345015f (webtiles) character file.

44 aMcNicky the Shield-Bearer (level 3, -2/29 HPs)
             Began as a Formicid Fighter on Mar 20, 2018.
             Slain by an ogre
             ... wielding a +0 giant club
              (23 damage)
             ... on level 4 of the Dungeon.
             The game lasted 00:03:58 (1153 turns).

aMcNicky the Shield-Bearer (Formicid Fighter)       Turns: 1153, Time: 00:03:58

Health: -2/29      AC:  8    Str: 21    XL:     3   Next: 87%
Magic:  3/3        EV:  8    Int:  7    God:
Gold:   20         SH:  9    Dex: 10    Spells: 2/2 levels left

rFire    . . .     SeeInvis +   a - +0 long sword
rCold    . . .     Gourm    .   c - +0 shield
rNeg     . . .     Faith    .   b - +0 scale mail
rPois    .         Spirit   .   (helmet unavailable)
rElec    .         Reflect  .   (no cloak)
rCorr    .         Harm     .   l - +0 pair of gloves
MR       .....                  (no boots)
Stlth    ..........             (no amulet)
HPRegen  0.09/turn              (no ring)
MPRegen  0.08/turn              (no ring)

@: no status effects
A: permanent stasis, dig shafts and tunnels, four strong arms, antennae 3
a: Dig, Shaft Self


You were on level 4 of the Dungeon.
You were not hungry.

You visited 1 branch of the dungeon, and saw 3 of its levels.

You collected 20 gold pieces.

Inventory:

Hand Weapons
 a - a +0 long sword (weapon)
Armour
 b - a +0 scale mail (worn)
 c - a +0 shield (worn)
 l - a +0 pair of gloves (worn)
Jewellery
 e - an uncursed amulet of the gourmand {unknown}
 i - an uncursed amulet of rage {unknown}
 j - an uncursed ring of wizardry {unknown}
Scrolls
 k - a scroll of identify {unknown}
Potions
 g - a potion of curing {unknown}
 h - 2 potions of ambrosia {unknown}
 m - a potion of flight {unknown}
Comestibles
 f - 2 rations


   Skills:
 + Level 3.6 Fighting
 * Level 2.8 Long Blades
 + Level 3.7 Armour
 + Level 4.1 Shields


You had 2 spell levels left.
You didn't know any spells.

Dungeon Overview and Level Annotations

Branches:
Dungeon (2/15)

Altars:


Innate Abilities, Weirdness & Mutations

You cannot be hasted, slowed, berserked, paralysed or teleported.
You can dig through walls and to a lower floor.
Your four strong arms can wield two-handed weapons with a shield.
You have a pair of large antennae on your head. (SInv)


Message History

There is an entrance to an ossuary on this level.
Hurry and find it before the portal is buried!
Found a sapphire potion.
You are feeling hungry.
Found a ration.
m - a sapphire potion Eat a chunk of flesh? (ye/n/q)
You eat the chunk of flesh.
This raw flesh tastes terrible.
An ogre comes into view. It is wielding a giant club.
The ogre shouts!
You hit the ogre.
The ogre is lightly wounded.
The ogre hits you with a giant club!
You slash the ogre!
The ogre is heavily wounded.
The ogre hits you but does no damage.
You slash the ogre!
The ogre is severely wounded.
The ogre hits you with a giant club!!
Ouch! That really hurt!
You die...

.......#....# ...#
.......#....# ...####
..O....#....####......#
.....%.................
.......#.....###......#
########.....# ......#
### #.....# ......#
.....###O....# ###...#
#...@.###.# ...#
##.##.# #.# ..# # #.#
#.# ## #.# #.# ..# #.#
..# #.. { ..# #.. #..#


You could see an ogre.

Vanquished Creatures
  A gnoll (D:1)
  2 dart slugs (D:1)
  A giant cockroach (D:1)
  A goblin (D:1)
  5 hobgoblins (D:1)
  3 jackals (D:1)
  2 ball pythons (D:1)
  2 bats (D:1)
  3 frilled lizards (D:1)
  5 kobolds
  6 rats
31 creatures vanquished.

Notes
Turn   | Place    | Note
-------+----------+-------------------------------------------
     0 | D:1      | aMcNicky the Formicid Fighter began the quest for the Orb.
     0 | D:1      | Reached XP level 1. HP: 18/18 MP: 1/1
   329 | D:1      | Reached XP level 2. HP: 14/24 MP: 2/2
   632 | D:1      | Reached XP level 3. HP: 29/29 MP: 3/3
   709 | D:1      | Reached skill level 4 in Shields
  1118 | D:2      | Noticed an ice beast
  1130 | D:2      | You fall through a shaft for 2 floors!
  1140 | D:4      | Noticed an ogre
  1153 | D:4      | Slain by an ogre

Skill      XL: |  1  2  3 |
---------------+----------+-----
Shields        | 4 |  4.1
Fighting       | |  3.6
Long Blades    | |  2.8
Armour         | |  3.7

Action                   || total
-------------------------++-------
Melee: Long sword        ||   129
 Abil: Shaft Self        ||     1
  Use: Potion            ||     1
  Eat: Chunk             ||     2
Armor: Scale mail        ||    46
Dodge: Dodged            ||    37
Block: Shield            ||    65
       Rpst.: Long sword ||     9
